 Dungeon Crawl Stone Soup version 0.24-a0-653-g3936067ed8 (webtiles) character file.

Game seed: 10479389207195300247, levelgen mode: deterministic

830 Lentor the Shield-Bearer (level 8, 0/61 HPs)
             Began as a Formicid Fighter on Sept 26, 2019.
             Slain by a worm (9 damage)
             ... on level 5 of the Dungeon.
             The game lasted 00:11:39 (4704 turns).

Lentor the Shield-Bearer (Formicid Fighter)         Turns: 4704, Time: 00:11:39

Health: 0/61       AC:  8    Str: 24      XL:     8   Next: 18%
Magic:  8/8        EV:  7    Int:  7      God:
Gold:   230        SH: 15    Dex:  6 (10) Spells: 7/7 levels left

rFire    . . .     SeeInvis +   a - +0 long sword
rCold    . . .     Gourm    .   p - +0 large shield
rNeg     . . .     Faith    .   b - +0 scale mail
rPois    .         Spirit   .   (helmet unavailable)
rElec    .         Reflect  .   v - +0 cloak
rCorr    +         Harm     .   (no gloves)
MR       .....                  (no boots)
Stlth    ..........             (no amulet)
HPRegen  0.20/turn              h - ring of resist corrosion
MPRegen  0.11/turn              (no ring)

@: no status effects
A: permanent stasis, dig shafts and tunnels, four strong arms, antennae 3
a: Dig, Shaft Self


You were on level 5 of the Dungeon.
You were not hungry.

You visited 1 branch of the dungeon, and saw 5 of its levels.

You collected 230 gold pieces.

Inventory:

Hand Weapons
 a - a +0 long sword (weapon)
Missiles
 g - 90 stones (quivered)
Armour
 b - a +0 scale mail (worn)
 p - a +0 large shield (worn)
 v - a +0 cloak (worn)
Jewellery
 h - a ring of resist corrosion (left hand)
 y - a cursed amulet of faith {unknown}
 z - an uncursed ring of protection from magic {unknown}
Wands
 c - a wand of random effects (13)
 u - a wand of paralysis (4)
Scrolls
 e - a scroll of amnesia {unknown}
 i - a scroll of remove curse {unknown}
 j - a scroll of immolation {unknown}
 l - 8 scrolls of identify
 n - 2 scrolls of teleportation {unknown}
 r - a scroll of magic mapping {unknown}
 t - a scroll of blinking {unknown}
 x - a scroll of enchant armour {unknown}
Potions
 d - a potion of might
 k - 2 potions of haste {unknown}
 m - a potion of berserk rage {unknown}
 o - 2 potions of mutation {unknown}
 q - a potion of invisibility {unknown}
 s - a potion of agility
Comestibles
 f - 7 rations


   Skills:
 + Level 4.6 Fighting
 + Level 4.9 Long Blades
 + Level 5.1 Armour
 + Level 1.7 Dodging
 + Level 2.1 Stealth
 + Level 6.7 Shields


You had 7 spell levels left.
You didn't know any spells.
Your spell library contained the following spells:

 Spells                   Type           Power        Failure   Level  Hunger
 Sandblast                Erth           #.....       100%        1    ##.....
 Passwall                 Tmut/Erth      #.......     100%        2    ###....
 Stone Arrow              Conj/Erth      #.....       100%        3    ####...
 Petrify                  Tmut/Erth      #.......     100%        4    #####..
 Lee's Rapid Deconstruct  Erth           #.........   100%        5    ######.


Dungeon Overview and Level Annotations

Branches:
Dungeon (5/15)
 Temple: D:4-7

Altars:


Innate Abilities, Weirdness & Mutations

You cannot be hasted, slowed, berserked, paralysed or teleported.
You can dig through walls and to a lower floor.
Your four strong arms can wield two-handed weapons with a shield.
You have a pair of large antennae on your head. (SInv)


Message History

You closely miss Eustachio.
Eustachio is almost dead.
You block the river rat's attack. You block Eustachio's attack.
You block the river rat's attack.
You closely miss Eustachio.
Eustachio is almost dead.
Eustachio casts a spell.
You block the river rat's attack. You block the worm's attack.
Eustachio hits you but does no damage.
You hit Eustachio.
You kill Eustachio!
The quasit disappears in a puff of smoke!
The river rat disappears in a puff of smoke!
You feel your dexterity returning.
Your Armour skill increases to level 5!
Your Stealth skill increases to level 2!
You have reached level 8!
You feel stronger. You block the frilled lizard's attack. The worm bites you!
You die...

# #.###
#....########
##....!#.....#
#......§.w§..###
.........)@....#
#..$.....l...#.#
##.....#.....#.#
#.....########<#
#.##.# #.# . ...
#.# ### #.# #.#
#..


You could see a worm and a frilled lizard.

Vanquished Creatures
  Eustachio (D:5)
  Menkaure (D:4)
  A phantom (D:3)
  A water moccasin skeleton (D:5)
  Crazy Yiuf (D:3)
  A gnoll shaman (D:4)
  A bullfrog skeleton (D:4)
  Jessica (D:3)
  2 orc wizards
  A worker ant (D:4)
  5 gnolls
  7 adders
  3 oozes
  An adder skeleton (D:4)
  A worm (D:3)
  A dart slug (D:3)
  A leopard gecko (D:2)
  14 orcs
  8 giant cockroaches
  9 hobgoblins
  2 jackals (D:3)
  8 quokkas
  11 bats
  9 frilled lizards
  13 goblins
  2 jackal skeletons (D:4)
  6 kobolds
  2 quokka skeletons
  8 rats
122 creatures vanquished.

Notes
Turn   | Place    | Note
-------+----------+-------------------------------------------
     0 | D:1      | Lentor the Formicid Fighter began the quest for the Orb.
     0 | D:1      | Reached XP level 1. HP: 18/18 MP: 1/1
   248 | D:1      | Reached XP level 2. HP: 24/24 MP: 2/2
   455 | D:1      | Reached XP level 3. HP: 25/29 MP: 3/3
   976 | D:1      | Reached skill level 4 in Shields
  1362 | D:2      | Reached XP level 4. HP: 32/36 MP: 4/4
  1748 | D:2      | Reached XP level 5. HP: 31/42 MP: 5/5
  2244 | D:3      | Noticed Jessica
  2252 | D:3      | Killed Jessica
  2564 | D:3      | Reached XP level 6. HP: 48/48 MP: 6/6
  2912 | D:3      | Found a runed translucent door.
  2913 | D:3      | Noticed Crazy Yiuf
  2926 | D:3      | Killed Crazy Yiuf
  2926 | D:3      | Reached skill level 1 in Dodging
  2926 | D:3      | Reached skill level 1 in Stealth
  3311 | D:4      | Reached skill level 5 in Shields
  3711 | D:4      | Noticed a phantom
  3748 | D:3      | Killed a phantom
  3748 | D:3      | Reached XP level 7. HP: 31/55 MP: 7/7
  3972 | D:4      | Noticed Menkaure
  4555 | D:4      | Killed Menkaure
  4668 | D:5      | Entered Level 5 of the Dungeon
  4673 | D:5      | Reached skill level 6 in Shields
  4681 | D:5      | Noticed Eustachio
  4704 | D:5      | Killed Eustachio
  4704 | D:5      | Reached skill level 5 in Armour
  4704 | D:5      | Reached XP level 8. HP: 8/61 MP: 8/8
  4704 | D:5      | Slain by a worm

Levels and vault maps discovered:
D:1:      erik_arrival_cave_to_civilisation [erik_arrival_cave_to_hall],
          layout_basic
D:2:      kennysheep_the_goblin_king, layout_rooms, st_stairs_5
D:3:      layout_loops_corners, palyth_stone_intersect, uniq_jessica,
          uniq_crazy_yiuf_cottage
D:4:      layout_cave_pools, first_ration, uniq_menkaure
D:5:      layout_loops_cross, nicolae_overflow_hidden_temple,
          minmay_temple_entry_large_hall, uniq_eustachio

Skill      XL: |  1  2  3  4  5  6  7 |
---------------+----------------------+-----
Armour         | 4 5 |  5.1
Shields        | 4 5 6 |  6.7
Long Blades    | 3 4 |  4.9
Fighting       | 4 |  4.6
Dodging        | 1 |  1.7
Stealth        | 1 2 |  2.1

Action                   |  1- 3 |  4- 6 |  7- 9 || total
-------------------------+-------+-------+-------++-------
Melee: Long sword        |    94 |   275 |    71 ||   440
Evoke: Wand              |       |       |     1 ||     1
  Use: Scroll            |       |     1 |       ||     1
 Stab: Paralysed         |       |       |     4 ||     4
  Eat: Chunk             |     2 |     7 |     4 ||    13
Armor: Scale mail        |    50 |   123 |    87 ||   260
Dodge: Dodged            |    36 |   114 |    54 ||   204
Block: Shield            |    80 |    74 |       ||   154
       Large shield      |       |   184 |   117 ||   301
       Rpst.: Long sword |    13 |    42 |    15 ||    70

Table legend:
 A = Non-vault XP
 B = Vault XP
 C = Vault XP percentage of total XP
 D = Non-vault monster count
 E = Vault monster count
 F = Vault count percentage of total count
                 A         B        C        D         E       F
            +---------+---------+-------+---------+---------+-------
      Total |     700 |     487 |  41.0 |     107 |      15 |  12.3
            +---------+---------+-------+---------+---------+-------
        D:1 |      40 |      16 |  28.6 |      24 |       2 |   7.7
        D:2 |     105 |      18 |  14.6 |      25 |       9 |  26.5
        D:3 |     287 |      79 |  21.6 |      36 |       2 |   5.3
        D:4 |     199 |     172 |  46.4 |      20 |       1 |   4.8
        D:5 |      69 |     202 |  74.5 |       2 |       1 |  33.3
            +---------+---------+-------+---------+---------+-------
